 Dungeon Crawl Stone Soup version 0.29-a0-529-gfa20dd96a1 (webtiles) character file.

Game seed: 3987584289348240861

75 Hubjo the Firebug (level 4, -2/26 HPs)
             Began as a Deep Elf Fire Elementalist on June 1, 2022.
             Killed from afar by an orc wizard (8 damage)
             ... with a magic dart
             ... on level 3 of the Dungeon.
             The game lasted 00:01:44 (2302 turns).

Hubjo the Firebug (Deep Elf Fire Elementalist)      Turns: 2302, Time: 00:01:46

Health: -2/26      AC:  2    Str: 11    XL:     4   Next: 11%
Magic:  11/11      EV: 12    Int: 22    God:
Gold:   104        SH:  0    Dex: 15    Spells: 9/10 levels left

rFire   + . .      SeeInvis .   n - +2 war axe (vorpal)
rCold   . . .      Faith    .   (no shield)
rNeg    . . .      Spirit   .   a - +0 robe
rPois   .          Reflect  .   (no helmet)
rElec   .          Harm     .   (no cloak)
rCorr   .          Rampage  .   (no gloves)
Will    .....                   (no boots)
Stlth   ++........              (no amulet)
HPRegen 0.08/turn               j - ring of protection from fire
MPRegen 0.12/turn               k - +6 ring of strength

@: no status effects
A: no striking features
a: no special abilities


You were on level 3 of the Dungeon.
You visited 1 branch of the dungeon, and saw 3 of its levels.

You collected 104 gold pieces.

Inventory:

Hand Weapons
 n - a +2 vorpal war axe (weapon)
Armour
 a - a +0 robe (worn)
Jewellery
 j - a ring of protection from fire (left hand)
 k - a +6 ring of strength (right hand)
Scrolls
 e - a scroll of magic mapping {unknown}
 f - a scroll of enchant weapon {unknown}
 i - 3 scrolls of identify {unknown}
 m - a scroll of poison {unknown}
Potions
 b - a potion of magic
 c - 2 potions of heal wounds {unknown}
 d - 3 potions of brilliance {unknown}
 g - 3 potions of attraction {unknown}
 h - a potion of berserk rage {unknown}
 l - a potion of curing {unknown}


   Skills:
 * Level 1.8 Fighting
 - Level 2.4 Dodging
 + Level 3.3 Stealth
 + Level 3.7 Spellcasting
 - Level 1.1 Conjurations
 + Level 3.8 Fire Magic


You had 9 spell levels left.
You knew the following spells:

 Your Spells              Type           Power      Damage    Failure   Level
a - Foxfire               Conj/Fire      60%        2x1d7     4%          1

Your spell library contained the following spells:

 Spells                   Type           Power      Damage    Failure   Level
 Scorch                   Fire           42%        2d7       3%          2
 Conjure Flame            Conj/Fire      15%        6-21      12%         3
 Inner Flame              Hex/Fire       12%        N/A       16%         3
 Flame Wave               Conj/Fire      15%        2d6       38%         4


Dungeon Overview and Level Annotations

Branches:
Dungeon (3/15)

Altars:


Message History

There is an open door here.
You closely miss the orc. The orc barely misses you.
The ball python misses you. The ball python closely misses you.
The orc barely misses you.
The hound barks!
You hit the orc.
The orc is severely wounded.
You closely miss the ball python. The ball python bites you.
The ball python grabs you. The ball python constricts you.
The orc closely misses you. The ball python bites you.
The ball python constricts you.
You hit the orc.
You kill the orc!
You hit the ball python.
You kill the ball python!
You completely miss the orc.
A rat comes into view.
The orc hits you with a +0 club. The orc misses you.
Something hits you but does no damage.
You hit the orc.
The orc is heavily wounded.
You hit the orc. You hit something. Something hits you.
The orc hits you with a +0 mace. The orc hits you but does no damage.
You hit the orc.
You kill the orc!
You hit the orc.
You kill the orc!
You hit something.
You hear some strange, mumbled words.
A puff of flame appears from out of thin air!
The puff of flame misses you. The hound misses you. Something hits you.
* * * LOW HITPOINT WARNING * * *
You hit the hound.
The hound is moderately wounded.
You miss something. The hound bites you but does no damage.
The hound closely misses you.
You hear some strange, mumbled words.
A magic dart appears from out of thin air!
The magic dart hits you!
You die...

..∩..♣..∩......
...............
...............
....∩......>..
###.......r...#
..............# ###
#$..)h{.....#.##.† #@#
#.#.##.### #.#
#....#)..# . ####.#
#....†...#..
#....#####.....<.....
#.####........#)..#.#
####.####........#.###
#...................#
#......##........##.#
#......##........# §#


You could see a hound and a rat.

Vanquished Creatures
  An adder (D:2)
  2 worms
  A dart slug (D:1)
  3 orcs (D:3)
  7 ball pythons
  A bat (D:1)
  5 endoplasms
  2 giant cockroaches
  7 goblins
  6 hobgoblins
  3 jackals (D:2)
  4 kobolds
  3 quokkas
  2 frilled lizards (D:1)
47 creatures vanquished.

Vanquished Creatures (others)
  248 foxfires
248 creatures vanquished.

Grand Total: 295 creatures vanquished

Notes
Turn   | Place    | Note
-------+----------+-------------------------------------------
     0 | D:1      | Hubjo the Deep Elf Fire Elementalist began the quest for
                  | the Orb.
     0 | D:1      | Reached XP level 1. HP: 10/10 MP: 6/6
   363 | D:1      | Reached XP level 2. HP: 16/16 MP: 0/8
   699 | D:1      | Reached skill level 1 in Fighting
  1276 | D:2      | Reached XP level 3. HP: 20/20 MP: 4/9
  2229 | D:3      | Reached XP level 4. HP: 26/26 MP: 6/11
  2302 | D:3      | Killed from afar by an orc wizard

Illustrated notes

Levels and vault maps discovered:
D:1:      nagdon_arrival_zigzag_paths, layout_basic, minmay_tetromino_i2
D:2:      layout_rooms
D:3:      minmay_diamond_boxcup, layout_basic,
          hellmonk_ecumenical_altar_arch_garden

Skill      XL: |  1  2 |
---------------+-------+-----
Fighting       | 1 |  1.8
Stealth        | 3 |  3.3
Dodging        | |  2.4
Spellcasting   | |  3.7
Conjurations   | |  1.1
Fire Magic     | |  3.8

Action                   |  1- 3 |  4- 6 || total
-------------------------+-------+-------++-------
Melee: Unarmed           |     1 |       ||     1
       War axe           |       |     6 ||     6
 Cast: Foxfire           |   144 |       ||   144
Armor: Robe              |       |     3 ||     3
Dodge: Dodged            |     8 |     9 ||    17

Table legend: (Time is in decaauts)
 A = Elapsed time spent in this place.
 B = Non-inter-level travel time spent in this place.
 C = Inter-level travel time spent in this place.
 D = Time resting spent in this place.
 E = Time spent auto-exploring this place.
 F = Levels seen in this place.
 G = Mean time per level.
                   A        B        C        D        E       F      G
               +--------+--------+--------+--------+--------+-----+--------+
         Total |   2302 |   2258 |     44 |      0 |   1956 |   3 |  767.3 |
       Dungeon |   2302 |   2258 |     44 |      0 |   1956 |   3 |  767.3 |
               +--------+--------+--------+--------+--------+-----+--------+

Top non-repeatable levels by time:
     D:1: 1107 daAuts
     D:2: 1022 daAuts
     D:3: 172 daAuts
